AoeStats
← AOE2.GG | NONO

Lombardia

510265124Analyzed
4v4 RM · 1d ago on Sep 30, 2026· 63m 31s· 8 players
Game mode
Random Map
Map size
Large (8 player)
Population
200
Speed
Normal
Resources
Standard
Victory
Conquest
Starting age
Dark Age
Ending age
Imperial Age
RankedLock teamsTeams togetherTeam positionsShared explorationLock speedFull tech treeHidden civsTurbo modeCheats
Victory
Defeat
🇨🇳 Varangians · China
1453
+12
🇨🇳 Franks · China
1397
+14
🇨🇳 Mongols · China
1397
+14
🇩🇪 Khmer · Germany
1355
+16
🇳🇴 Japanese · Norway
1476
-20
🇺🇸 Persians · United States
1318
-12
🇫🇷 Spanish · France
1314
-12
🇺🇸 Varangians · United States
1305
-12
AOE2.GG | NONO
4:07 Loom
8:05 Loom
10:13 Feudal Age
13:46 Castle Age
11:43 Double-Bit Axe
13:18 Horse Collar
15:51 Wheelbarrow
18:21 Bow Saw
28:59 Imperial Age
28:00 Hand Cart
28:03 Town Watch
28:53 Caravan
29:33 Scale Barding Armor
31:02 Chemistry
30:23 Ballistics
30:34 Conscription
30:26 Heavy Plow
31:38 Double Crossbow
32:04 Chain Barding Armor
32:15 Bloodlines
32:45 Siege Engineers
32:36 Murder Holes
32:54 Masonry
32:47 Husbandry
33:47 Town Patrol
33:32 Elite Ballista Elephant
33:44 Light Cavalry
35:19 Hoardings
36:08 Plate Barding Armor
36:58 Stone Mining
36:59 Gold Mining
47:25 Hussar
53:06 Fortified Wall
53:26 Architecture
61:34 Elite Battle Elephant
62:15 Tusk Swords
62:28 Forging
62:08 Fletching
62:20 Padded Archer Armor
63:44 Iron Casting
NorthOrigin
10:56 Feudal Age
14:35 Castle Age
12:57 Double-Bit Axe
12:59 Horse Collar
15:40 Bow Saw
22:32 Heavy Plow
25:18 Wheelbarrow
24:30 Town Watch
25:57 Loom
26:28 Hand Cart
26:14 Town Patrol
30:04 Imperial Age
27:36 Gold Mining
28:23 Stone Mining
29:41 Stone Shaft Mining
29:53 Scale Barding Armor
29:58 Forging
31:13 Conscription
30:14 Elite Jarl
32:14 Chain Barding Armor
32:29 Iron Casting
32:44 Guilds
33:04 Coinage
32:55 Bloodlines
32:45 Husbandry
36:02 Blast Furnace
35:37 Plate Barding Armor
35:37 Fletching
35:41 Capped Ram
36:56 Siege Ram
38:27 Bodkin Arrow
44:24 Siege Engineers
44:30 Fortified Wall
47:29 Light Cavalry
48:36 Hussar
PAYLOTO
10:29 Feudal Age
9:26 Loom
11:10 Double-Bit Axe
14:31 Castle Age
12:51 Horse Collar
16:05 Bow Saw
20:01 Stone Mining
23:59 Heavy Plow
24:57 Wheelbarrow
26:07 Stone Shaft Mining
25:26 Gold Mining
28:08 Gold Shaft Mining
30:56 Imperial Age
29:52 Fletching
30:26 Ballistics
30:42 Bodkin Arrow
31:49 Padded Archer Armor
31:57 Bracer
33:00 Chemistry
32:18 Murder Holes
33:25 Chemistry
33:01 Masonry
33:59 Padded Archer Armor
34:31 Husbandry
34:42 Bloodlines
34:55 Conscription
33:56 Elite Mangudai
36:50 Leather Archer Armor
36:29 Light Cavalry
38:04 Parthian Tactics
37:15 Hussar
38:04 Scale Barding Armor
38:16 Thumb Ring
39:24 Siege Engineers
39:43 Chain Barding Armor
39:33 Forging
40:00 Capped Ram
41:27 Siege Ram
42:37 Hand Cart
42:08 Town Watch
43:20 Drill
47:59 Town Patrol
48:12 Fortified Wall
47:52 Guard Tower
54:12 Hoardings
55:49 Caravan
60:49 Iron Casting
63:30 Blast Furnace
聂灭知北
6:21 Loom
11:07 Feudal Age
12:14 Loom
15:56 Castle Age
14:38 Double-Bit Axe
19:37 Squires
18:58 Pikeman
25:06 Wheelbarrow
26:29 Gold Mining
26:58 Hand Cart
31:32 Imperial Age
29:34 Husbandry
29:41 Scale Barding Armor
30:32 Forging
30:42 Chain Barding Armor
30:29 Stone Mining
31:14 Gold Shaft Mining
30:43 Town Watch
31:33 Bow Saw
32:30 Iron Casting
32:13 Cavalier
33:42 Chivalry
34:04 Conscription
33:50 Paladin
35:17 Plate Barding Armor
35:47 Blast Furnace
35:57 Hoardings
39:09 Elite Throwing Axeman
40:56 Town Patrol
40:41 Treadmill Crane
41:11 Fortified Wall
43:52 Scale Mail Armor
43:40 Gambesons
43:40 Arson
44:39 Light Cavalry
46:07 Capped Ram
47:28 Chain Mail Armor
47:34 Caravan
48:05 Coinage
49:46 Fletching
49:57 Padded Archer Armor
55:35 Plate Mail Armor
61:20 Murder Holes
61:32 Siege Engineers
Auto Horse
6:37 Loom
9:02 Feudal Age
9:38 Double-Bit Axe
19:03 Castle Age
16:53 Horse Collar
18:04 Scale Barding Armor
18:26 Gold Mining
19:06 Forging
19:17 Bloodlines
21:13 Bow Saw
24:57 Husbandry
28:39 Chain Barding Armor
32:02 Iron Casting
36:23 Imperial Age
34:31 Wheelbarrow
33:55 Vendel Legacy
35:50 Town Watch
36:42 Cavalier
37:59 Plate Barding Armor
39:46 Blast Furnace
42:39 Light Cavalry
45:21 Caravan
47:45 Hussar
52:49 Conscription
peterzjx
7:21 Loom
10:35 Feudal Age
14:11 Scale Barding Armor
21:51 Castle Age
20:42 Forging
21:00 Horse Collar
21:07 Double-Bit Axe
22:35 Heavy Plow
23:05 Bloodlines
35:19 Imperial Age
33:25 Wheelbarrow
32:36 Town Watch
32:56 Husbandry
33:27 Chain Barding Armor
33:47 Bow Saw
35:09 Iron Casting
35:11 Hand Cart
36:04 Caravan
35:41 Cavalier
36:58 Plate Barding Armor
37:36 Blast Furnace
37:21 Gold Mining
38:00 Savar
41:05 Citadels
41:16 Conscription
41:51 Onager
52:30 Light Cavalry
53:21 Hussar
54:44 Town Patrol
Cryptomage
7:41 Loom
9:55 Feudal Age
12:28 Double-Bit Axe
17:25 Castle Age
16:45 Horse Collar
19:55 Double-Bit Axe
20:45 Gold Mining
23:47 Husbandry
23:58 Bloodlines
24:13 Fletching
24:23 Padded Archer Armor
25:29 Bow Saw
26:08 Bodkin Arrow
27:32 Wheelbarrow
27:14 Heavy Plow
29:25 Hand Cart
34:13 Imperial Age
31:33 Town Watch
32:00 Thumb Ring
32:59 Ballistics
34:14 Leather Archer Armor
34:25 Elite Conquistador
34:37 Elite Skirmisher
35:38 Bracer
35:55 Pikeman
36:36 Squires
36:21 Gambesons
37:09 Ring Archer Armor
36:50 Forging
36:41 Scale Mail Armor
37:48 Chemistry
36:44 Murder Holes
37:37 Halberdier
40:25 Chain Mail Armor
40:45 Iron Casting
44:32 Two-Man Saw
44:28 Conscription
45:22 Plate Mail Armor
45:52 Blast Furnace
51:33 Onager
52:59 Caravan
Sasha The Bunny
7:47 Loom
10:34 Feudal Age
11:08 Horse Collar
11:16 Double-Bit Axe
16:41 Wheelbarrow
20:05 Castle Age
19:14 Stone Mining
19:56 Scale Mail Armor
20:07 Forging
19:48 Fletching
21:54 Chain Mail Armor
22:12 Bow Saw
23:09 Iron Casting
23:08 Squires
23:20 Town Watch
22:59 Pikeman
24:39 Arson
26:45 Bodkin Arrow
27:13 Gold Mining
28:52 Hand Cart
29:14 Fervor
29:59 Heavy Plow
30:53 Gold Shaft Mining
34:21 Imperial Age
33:26 Ballistics
33:19 Masonry
33:10 Guard Tower
33:40 Masonry
34:15 Yasama
34:27 Treadmill Crane
35:05 Bracer
35:39 Plate Mail Armor
34:32 Halberdier
36:46 Blast Furnace
35:34 Arrowslits
36:54 Keep
38:19 Chemistry
44:24 Siege Engineers
Connection lost

Rejoining the realm…

Still unreachable

The connection could not be restored.

Session expired

The server has moved on; the page needs a fresh start.